 Dungeon Crawl Stone Soup version 0.29-a0-1033-gb6c65ffae6 (webtiles) character file.

Game seed: 1885014380909527126

57 wingedge the Digger (level 4, 0/24 HPs)
             Began as a Gargoyle Earth Elementalist on Aug 14, 2022.
             Slain by Robin
             ... wielding a +1 trident of protection
              (4 damage)
             ... on level 2 of the Dungeon.
             The game lasted 00:05:34 (1477 turns).

wingedge the Digger (Gargoyle Earth Elementalist)   Turns: 1477, Time: 00:05:36

Health: 0/24       AC:  6    Str: 12    XL:     4   Next: 0%
Magic:  6/7        EV: 12    Int: 17    God:
Gold:   54         SH:  0    Dex: 10    Spells: 3/7 levels left

rFire   . . .      SeeInvis .   c - +0 dagger
rCold   . . .      Faith    .   (no shield)
rNeg    + . .      Spirit   .   a - +0 robe
rPois   ∞          Reflect  .   (no helmet)
rElec   +          Harm     .   (no cloak)
rCorr   .          Rampage  .   f - +0 pair of gloves
Will    .....                   (no boots)
Stlth   ++........              (no amulet)
HPRegen 0.08/turn               (no ring)
MPRegen 0.10/turn               (no ring)

@: no status effects
A: sickness immunity, AC +3, negative energy resistance 1, electricity
resistance, torment resistance 1, petrification resistance
a: no special abilities


You were on level 2 of the Dungeon.
You visited 1 branch of the dungeon, and saw 2 of its levels.

You collected 54 gold pieces.

Inventory:

Hand Weapons
 c - a +0 dagger (weapon)
Armour
 a - a +0 robe (worn)
 f - a +0 pair of gloves (worn)
Scrolls
 d - 4 scrolls of enchant armour {unknown}
Potions
 e - a potion of heal wounds {unknown}
 g - a potion of mutation {unknown}
 h - a potion of curing {unknown}
 i - a potion of might {unknown}


   Skills:
 + Level 0.5 Fighting
 + Level 1.9 Dodging
 + Level 2.9 Stealth
 + Level 2.4 Spellcasting
 + Level 0.7 Conjurations
 + Level 1.2 Transmutations
 + Level 4.1 Earth Magic


You had 3 spell levels left.
You knew the following spells:

 Your Spells              Type           Power      Damage    Failure   Level
a - Sandblast             Erth           32%        2d9       3%          1
b - Stone Arrow           Conj/Erth      20%        3d8       21%         3

Your spell library contained the following spells:

 Spells                   Type           Power      Damage    Failure   Level
 Passwall                 Tmut/Erth      9%         N/A       10%         2
 Petrify                  Tmut/Erth      11%        N/A       52%         4


Dungeon Overview and Level Annotations

Branches:
Dungeon (2/15)

Altars:

Annotations:
D:2 1 runed translucent door, Crazy Yiuf, Robin


Innate Abilities, Weirdness & Mutations

You are immune to sickness and miasma.
Your stone body is resilient. (AC +3)
You are immune to poison.
You resist negative energy. (rN+)
You are resistant to electric shocks. (rElec)
You are resistant to unholy torment.
You are immune to petrification.


Message History

Aiming: Sandblast (safe; 3% risk of failure)
Press: ? - help, Shift-Dir - straight line, f - goblin
Aim: a goblin, wielding a +0 dagger (strong, 77% to hit)
The blast of sand hits the goblin!
You kill the goblin!
The hobgoblin hits you but does no damage.
A goblin comes into view. It is wielding a +0 club.
Casting: Sandblast (safe; 3% risk of failure)
Confirm with . or Enter, or press ? or * to list all spells.
Aiming: Sandblast (safe; 3% risk of failure)
Press: ? - help, Shift-Dir - straight line, f - hobgoblin
Aim: a hobgoblin (strong, 82% to hit)
The blast of sand misses the hobgoblin.
The hobgoblin misses you. The hobgoblin hits you.
Casting: Sandblast (safe; 3% risk of failure)
Confirm with . or Enter, or press ? or * to list all spells.
Aiming: Sandblast (safe; 3% risk of failure)
Press: ? - help, Shift-Dir - straight line, f/p - hobgoblin
Aim: a hobgoblin (strong, 82% to hit)
The blast of sand hits the hobgoblin!
You kill the hobgoblin!
The goblin hits you with a +0 dagger. Robin throws the goblin at you!
You have reached level 4!
You feel stronger. Magic courses through your body.
The goblin hits you with a +0 dagger. Robin barely misses you.
Casting: Sandblast (safe; 3% risk of failure)
Confirm with . or Enter, or press ? or * to list all spells.
Aiming: Sandblast (safe; 3% risk of failure)
Press: ? - help, Shift-Dir - straight line, f - Robin
Aim: Robin, wielding a +1 trident of protection, wearing a +0 animal skin, wearing a +0 helmet and carrying a wand of quicksilver (9) (87% to hit)
The blast of sand hits Robin.
Robin is lightly wounded.
The hobgoblin no longer looks unusually strong.
The goblin hits you with a +0 dagger.
* * * LOW HITPOINT WARNING * * *
Robin hits you from afar with a +1 trident of protection.
* * * LOW HITPOINT WARNING * * *
Robin hits you from afar with a +1 trident of protection.
You die...

##### ### #.# #.# ....
##.# #.## #..
##..###..#######.<
................g.
##.#####...##..#g# #.#
#...#..##g# ..# #...).#
#)# ..######...### #@#
## #......# #g#
####..†########.####.#
#......................?
#.###...#######.###...##
#...# #... .## #####
...... .# #.#......# #.
#####.


You could see Robin, a hobgoblin and 2 goblins.

Vanquished Creatures
  An adder (D:2)
  6 bats (D:1)
  5 endoplasms
  4 giant cockroaches (D:1)
  6 goblins
  8 hobgoblins
  2 quokkas (D:1)
  3 ball pythons
  3 frilled lizards (D:1)
  6 rats
44 creatures vanquished.

Notes
Turn   | Place    | Note
-------+----------+-------------------------------------------
     0 | D:1      | wingedge the Gargoyle Earth Elementalist began the quest
                  | for the Orb.
     0 | D:1      | Reached XP level 1. HP: 10/10 MP: 3/3
   332 | D:1      | Reached skill level 1 in Transmutations
   332 | D:1      | Reached XP level 2. HP: 13/15 MP: 0/5
   759 | D:1      | Reached XP level 3. HP: 19/19 MP: 3/6
   915 | D:1      | Reached skill level 4 in Earth Magic
   968 | D:1      | Found a faded altar of an unknown god.
  1302 | D:2      | Learned a level 3 spell: Stone Arrow
  1346 | D:2      | Found a runed translucent door.
  1347 | D:2      | Noticed Crazy Yiuf
  1468 | D:2      | Noticed Robin
  1476 | D:2      | Reached XP level 4. HP: 10/24 MP: 0/7
  1477 | D:2      | Slain by Robin

Illustrated notes

Levels and vault maps discovered:
D:1:      minmay_arrival_glassed_features, layout_loops_ring,
          hellmonk_ecumenical_altar_crossroads
D:2:      layout_rooms, chequers_decorated_corner, uniq_crazy_yiuf_cottage,
          uniq_robin, uniq_natasha

Skill      XL: |  1  2  3 |
---------------+----------+-----
Transmutations | 1 |  1.2
Earth Magic    | 4 |  4.1
Fighting       | |  0.5
Dodging        | |  1.9
Stealth        | |  2.9
Spellcasting   | |  2.4
Conjurations   | |  0.7

Action                   |  1- 3 |  4- 6 || total
-------------------------+-------+-------++-------
Melee: Dagger            |    20 |       ||    20
 Cast: Sandblast         |    56 |     1 ||    57
  Use: Potion            |       |     1 ||     1
Armor: Robe              |    21 |       ||    21
Dodge: Dodged            |    26 |     1 ||    27

Table legend: (Time is in decaauts)
 A = Elapsed time spent in this place.
 B = Non-inter-level travel time spent in this place.
 C = Inter-level travel time spent in this place.
 D = Time resting spent in this place.
 E = Time spent auto-exploring this place.
 F = Levels seen in this place.
 G = Mean time per level.
                   A        B        C        D        E       F      G
               +--------+--------+--------+--------+--------+-----+--------+
         Total |   1532 |   1495 |     37 |     45 |   1117 |   2 |  766.0 |
       Dungeon |   1532 |   1495 |     37 |     45 |   1117 |   2 |  766.0 |
               +--------+--------+--------+--------+--------+-----+--------+

Top non-repeatable levels by time:
     D:1: 1299 daAuts
     D:2: 232 daAuts
